 Dungeon Crawl Stone Soup version 0.21.1-1-g345015f (webtiles) character file.

68 HEYYEYAAE the Chiller (level 4, -7/35 HPs)
             Began as a Draconian Ice Elementalist on Feb 21, 2018.
             Was an Initiate of Makhleb.
             Mangled by a worm (9 damage)
             ... on level 2 of the Dungeon.
             The game lasted 00:01:57 (2124 turns).

HEYYEYAAE the Chiller (Draconian Ice Elementalist)  Turns: 2124, Time: 00:01:58

Health: -7/35      AC:  5    Str: 10    XL:     4   Next: 1%
Magic:  4/7        EV: 12    Int: 17    God:    Makhleb [......]
Gold:   94         SH:  0    Dex: 11    Spells: 7/8 levels left

rFire    . . .     SeeInvis .   c - +0 spear
rCold    . . .     Gourm    .   (no shield)
rNeg     . . .     Faith    .   (armour unavailable)
rPois    .         Spirit   .   (helmet restricted)
rElec    .         Reflect  .   (no cloak)
rCorr    .         Harm     .   (no gloves)
MR       .....                  (no boots)
Stlth    ++........             (no amulet)
HPRegen  0.11/turn              (no ring)
MPRegen  0.10/turn              (no ring)

@: no status effects
A: unfitting armour, cold-blooded, AC +5
a: Renounce Religion


You were on level 2 of the Dungeon.
You worshipped Makhleb.
Makhleb was noncommittal.
You were not hungry.

You visited 1 branch of the dungeon, and saw 3 of its levels.

You collected 94 gold pieces.

Inventory:

Hand Weapons
 c - a +0 spear (weapon)
Scrolls
 d - a scroll of fog {unknown}
 e - a scroll of random uselessness {unknown}
 f - a scroll of enchant armour {unknown}
 h - a scroll of identify {unknown}
Books
 a - a book of Frost

   Spells                             Type                      Level
   a - Freeze                         Ice                          1
   b - Throw Frost                    Conjuration/Ice              2
   c - Ozocubu's Armour               Charms/Ice                   3
   d - Throw Icicle                   Conjuration/Ice              4
   e - Summon Ice Beast               Ice/Summoning                4
Comestibles
 b - a ration


   Skills:
 + Level 1.5 Fighting
 + Level 2.3 Dodging
 - Level 1.7 Stealth
 + Level 2.5 Spellcasting
   Level 1.0 Conjurations
 * Level 3.9 Ice Magic


You had 7 spell levels left.
You knew the following spells:

 Your Spells              Type           Power        Failure   Level  Hunger
a - Freeze                Ice            ###.         3%          1    #......


Dungeon Overview and Level Annotations

Branches:
Dungeon (3/15)

Altars:
Makhleb
Wu Jian


Innate Abilities, Weirdness & Mutations

Your plain brown scales are hard. (AC +5)
You cannot fit into any form of body armour.
You are cold-blooded and may be slowed by cold attacks.


Message History

Aiming: Freeze
Press: ? - help, Shift-Dir - straight line, f - orc
Aim: an orc, wielding a short sword and wearing a ring mail You freeze the orc.
You kill the orc!
Makhleb accepts your kill.
You have reached level 4!
You feel clever. The worm bites you.
* * * LOW HITPOINT WARNING * * *
Unknown command.
Casting: Freeze
Confirm with . or Enter, or press ? or * to list all spells.
Aiming: Freeze
Press: ? - help, Shift-Dir - straight line, f - rat
Aim: a rat You freeze the rat.
You kill the rat!
Makhleb accepts your kill. The worm bites you!
You die...

###################
#>@...............#
#w#########.._..#.#
#g# ##...##.# #.#
######.# #.# #.#
#.# #.#
#.###############.#
#...............[..
#.################.


You could see a worm and a hobgoblin.

Vanquished Creatures
  2 adders (D:2)
  2 worms (D:2)
  2 dart slugs (D:1)
  2 leopard geckos
  An orc (D:2)
  2 giant cockroaches
  5 goblins
  9 hobgoblins
  2 quokkas (D:2)
  3 bats (D:2)
  2 frilled lizards
  3 kobolds
  2 rats (D:2)
37 creatures vanquished.

Notes
Turn   | Place    | Note
-------+----------+-------------------------------------------
     0 | D:1      | HEYYEYAAE the Draconian Ice Elementalist began the quest for the Orb.
     0 | D:1      | Reached XP level 1. HP: 14/14 MP: 3/3
   301 | D:1      | Reached XP level 2. HP: 8/22 MP: 1/5
   592 | D:1      | You fall through a shaft!
   691 | D:2      | Reached skill level 1 in Fighting
   955 | D:2      | Found a faded altar of an unknown god.
   998 | D:2      | Reached XP level 3. HP: 24/28 MP: 6/6
  1108 | D:2      | Found an ornate altar of the Wu Jian Council.
  1901 | D:2      | Found a burning altar of Makhleb.
  1915 | D:2      | Became a worshipper of Makhleb the Destroyer
  2122 | D:2      | Reached XP level 4. HP: 4/35 MP: 5/7
  2124 | D:2      | Mangled by a worm

Skill      XL: |  1  2 |
---------------+-------+-----
Dodging        | 2 |  2.3
Fighting       | 1 |  1.5
Stealth        | |  1.7
Spellcasting   | |  2.5
Conjurations   | |  1.0
Ice Magic      | |  3.9

Action                   |  1- 3 |  4- 6 || total
-------------------------+-------+-------++-------
Melee: Unarmed           |    33 |       ||    33
       Tailslap          |    12 |       ||    12
       Spear             |    90 |       ||    90
 Cast: Freeze            |    38 |     2 ||    40
 Stab: Sleeping          |     2 |       ||     2
  Eat: Chunk             |     4 |       ||     4
Armor: Skin              |    50 |       ||    50
Dodge: Dodged            |    85 |       ||    85
